 Dungeon Crawl Stone Soup version 0.21.1-1-g345015f (webtiles) character file.

2492 spiff the Unhurried (level 9, 0/72 HPs)
             Began as a Demonspawn Warper on July 8, 2018.
             Was a Believer of Cheibriados.
             Slain by a two-headed ogre
             ... wielding a +0 giant spiked club
              (12 damage)
             ... on level 8 of the Dungeon.
             The game lasted 00:22:34 (10090 turns).

spiff the Unhurried (Demonspawn Warper)            Turns: 10090, Time: 00:22:34

Health: 0/72       AC: 10    Str: 18    XL:     9   Next: 27%
Magic:  3/13       EV: 13    Int: 18    God:    Cheibriados [**....]
Gold:   176        SH:  4    Dex: 18    Spells: 5/14 levels left

rFire    . . .     SeeInvis +   p - +0 whip (drain)
rCold    . . .     Gourm    .   (no shield)
rNeg     . . .     Faith    .   C - +0 scale mail of Dishonesty {rPois}
rPois    +         Spirit   .   (no helmet)
rElec    .         Reflect  +   (no cloak)
rCorr    .         Harm     .   t - +1 pair of gloves
MR       +....                  (no boots)
Stlth    ..........             D - +4 amulet of reflection
HPRegen  0.22/turn              u - ring of see invisible
MPRegen  0.13/turn              o - ring of protection from magic

@: very slightly contaminated, very slow
A: claws 1, rugged brown scales 2
a: Bend Time, Renounce Religion


You were on level 8 of the Dungeon.
You worshipped Cheibriados.
Cheibriados was pleased with you.
You were very hungry.

You visited 1 branch of the dungeon, and saw 8 of its levels.

You collected 437 gold pieces.
You spent 261 gold pieces at shops.

Inventory:

Hand Weapons
 j - a +0 whip
 p - a +0 whip of draining (weapon)
Missiles
 n - 4 tomahawks (quivered)
Armour
 a - a +1 robe of magic resistance
 b - a +1 leather armour
 t - a +1 pair of gloves (worn)
 C - the +0 scale mail of Dishonesty (worn) {rPois}
   (You bought it in a shop on level 8 of the Dungeon)

   It protects you from poison.
Jewellery
 k - an uncursed ring of resist corrosion
 o - a ring of protection from magic (right hand)
 u - a ring of see invisible (left hand)
 D - a +4 amulet of reflection (around neck)
Scrolls
 d - 3 scrolls of blinking
 e - a scroll of teleportation {unknown}
 h - 3 scrolls of identify
 r - 2 scrolls of enchant armour
 v - a scroll of random uselessness
 x - 2 scrolls of fog {unknown}
 y - a scroll of fear
 B - a scroll of magic mapping
 E - a scroll of remove curse
Potions
 i - 3 potions of cancellation
 l - a potion of flight {unknown}
 m - 2 potions of haste
 q - 2 potions of brilliance
 s - 2 potions of might {unknown}
 z - a potion of lignification {unknown}
 A - a potion of resistance {unknown}
Books
 c - a book of Spatial Translocations

   Spells                             Type                      Level
   a - Blink                          Translocation                2
   b - Shroud of Golubria             Charms/Translocation         2
   c - Lesser Beckoning               Translocation                3
   d - Gell's Gravitas                Translocation                3
   e - Teleport Other                 Translocation                3
   f - Passage of Golubria            Translocation                4
 w - a book of Misfortune

   Spells                             Type                      Level
   a - Confusing Touch                Hexes                        1
   b - Confuse                        Hexes                        3
   c - Gell's Gravitas                Translocation                3
   d - Petrify                        Transmutation/Earth          4
   e - Metabolic Englaciation         Hexes/Ice                    5
   f - Yara's Violent Unravelling     Hexes/Transmutation          5
Comestibles
 f - 9 rations


   Skills:
 + Level 6.0 Fighting
 - Level 6.0 Maces & Flails
 - Level 0.8 Throwing
 - Level 0.8 Armour
 - Level 5.0 Dodging
 - Level 3.0 Spellcasting
 - Level 5.6 Translocations
 - Level 6.1 Invocations


You had 5 spell levels left.
You knew the following spells:

 Your Spells              Type           Power        Failure   Level  Hunger
a - Blink                 Tloc           N/A          8%          2    ##.....
b - Passage of Golubria   Tloc           N/A          45%         4    ####...
c - Lesser Beckoning      Tloc           ###.......   16%         3    ###....


Dungeon Overview and Level Annotations

Branches:
Dungeon (8/15)             Temple (0/1) D:7
   Lair: D:8-11

Altars:
Cheibriados
Dithmenos
Elyvilon
Fedhas
Hepliaklqana
Nemelex Xobeh
Qazlal
Ru
Wu Jian
Zin

Shops:
D:5 ?   D:8 [

Annotations:
D:7 TotesWizzard's ghost, novice TrHu


Innate Abilities, Weirdness & Mutations

You have sharp fingernails.
You are mostly covered in rugged brown scales. (AC +2, +5% HP)


Message History

The two-headed ogre hits you but does no damage.
You hit the two-headed ogre. You drain the two-headed ogre!
The two-headed ogre is severely wounded.
Your scale mail of Dishonesty prevents you from hitting the two-headed ogre.
The two-headed ogre is severely wounded.
You block the two-headed ogre's attack. The two-headed ogre misses you.
You hit the two-headed ogre. You drain the two-headed ogre!
The two-headed ogre is severely wounded.
The two-headed ogre barely misses you. x2
You hit the two-headed ogre but do no damage.
The two-headed ogre is severely wounded.
You hit the two-headed ogre but do no damage.
You drain the two-headed ogre!
The two-headed ogre is severely wounded.
The two-headed ogre misses you.
The two-headed ogre hits you but does no damage.
You hit the two-headed ogre. You drain the two-headed ogre!
The two-headed ogre is almost dead.
The two-headed ogre hits you with a giant spiked club!
You die...

####### #..#..####
#..#.....) #....#####
###### ### ##...## #
#....#####.###...## #
#.##...@O((...##..## ##
###.########..#####..####.
#.##..# ##.# ###.#...
..##.# #.## ##..... ###
#W#.# ##.# #...... #.#
#.## ###..## #.PPP.. #.##
##.###..#..## ##.P∩P..
##.# .#...###..# ##...P...
### #.# .#..##
#..###........


You could see a two-headed ogre.

Vanquished Creatures
  A hornet (D:8)
  2 hippogriffs
  A water moccasin (D:8)
  Duvessa (D:7)
  A black bear (D:8)
  A sky beast (D:8)
  3 ogres
  2 bullfrogs
  Dowan (D:7)
  A scorpion (D:5)
  2 howler monkeys
  2 crimson imps
  A bullfrog zombie (D:5)
  3 orc priests
  A centaur skeleton (D:2)
  7 orc wizards
  3 hounds
  Jessica (D:2)
  3 iguanas
  3 worker ants
  A killer bee zombie (D:5)
  A hound skeleton (D:5)
  Robin (D:2)
  4 gnolls (D:5)
  4 adders
  2 howler monkey skeletons (D:8)
  A shadow imp (D:7)
  3 oozes
  An adder skeleton (D:5)
  A worm (D:3)
  2 dart slugs (D:2)
  3 leopard geckos
  22 orcs
  3 ball pythons
  2 giant cockroaches (D:1)
  16 goblins
  10 hobgoblins
  5 jackals
  8 kobolds
  A quokka (D:8)
  6 bats
  9 frilled lizards
  8 rats
154 creatures vanquished.

Vanquished Creatures (others)
  An orc priest (D:3)
  An orc wizard (D:3)
2 creatures vanquished.

Grand Total: 156 creatures vanquished

Notes
Turn   | Place    | Note
-------+----------+-------------------------------------------
     0 | D:1      | spiff the Demonspawn Warper began the quest for the Orb.
     0 | D:1      | Reached XP level 1. HP: 16/16 MP: 3/3
   331 | D:1      | Gained mutation: You have sharp fingernails. [demonic ancestry]
   331 | D:1      | Reached XP level 2. HP: 11/22 MP: 5/5
   774 | D:1      | Reached XP level 3. HP: 21/28 MP: 6/6
  1007 | D:2      | Noticed Jessica
  1113 | D:2      | Killed Jessica
  1190 | D:2      | Gained mutation: You are partially covered in rugged brown scales. (AC +1, +3% HP) [demonic ancestry]
  1190 | D:2      | Reached XP level 4. HP: 11/35 MP: 7/7
  1923 | D:2      | Noticed Robin
  2185 | D:2      | Killed Robin
  2185 | D:2      | Reached XP level 5. HP: 42/42 MP: 8/8
  2246 | D:2      | Found a faded altar of an unknown god.
  2359 | D:3      | Noticed an ogre
  2473 | D:3      | Learned a level 2 spell: Blink
  2800 | D:3      | Noticed an orc warrior
  3242 | D:3      | Killed an ogre
  3510 | D:3      | Reached XP level 6. HP: 39/48 MP: 9/9
  4122 | D:3      | Found a sacrificial altar of Ru.
  5966 | D:4      | Reached skill level 5 in Maces & Flails
  5966 | D:4      | Gained mutation: You are mostly covered in rugged brown scales. (AC +2, +5% HP) [demonic ancestry]
  5966 | D:4      | Reached XP level 7. HP: 38/56 MP: 10/10
  6325 | D:5      | Entered Level 5 of the Dungeon
  6621 | D:5      | Found a hazy altar of Hepliaklqana.
  6681 | D:5      | Found Plog's Magic Scroll Shoppe.
  6877 | D:5      | Found a stormy altar of Qazlal.
  6893 | D:5      | Found a snail-covered altar of Cheibriados.
  6921 | D:5      | Became a worshipper of Cheibriados the Contemplative
  7328 | D:5      | Found a sparkling altar of Nemelex Xobeh.
  7537 | D:5      | Reached skill level 5 in Fighting
  7587 | D:6      | Reached XP level 8. HP: 65/65 MP: 11/11
  7647 | D:6      | Found a white marble altar of Elyvilon.
  7744 | D:6      | Reached skill level 5 in Dodging
  8177 | D:7      | Noticed Duvessa
  8177 | D:7      | Noticed Dowan
  8200 | D:7      | Killed Duvessa
  8200 | D:7      | Reached * piety under Cheibriados
  8214 | D:7      | Killed Dowan
  8372 | D:7      | Noticed a hippogriff
  8416 | D:7      | Killed a hippogriff
  8416 | D:7      | Reached skill level 5 in Translocations
  8422 | D:7      | Learned a level 4 spell: Passage of Golubria
  8426 | D:7      | Learned a level 3 spell: Lesser Beckoning
  8727 | D:7      | Reached skill level 1 in Invocations
  8782 | D:7      | Noticed TotesWizzard's ghost (novice TrHu)
  8924 | D:7      | Found a staircase to the Ecumenical Temple.
  9011 | D:8      | Noticed a hippogriff
  9021 | D:8      | Killed a hippogriff
  9077 | D:8      | Reached XP level 9. HP: 42/71 MP: 13/13
  9490 | D:8      | Reached ** piety under Cheibriados
  9520 | D:8      | Found an ornate altar of the Wu Jian Council.
  9520 | D:8      | Found a glowing silver altar of Zin.
  9578 | D:8      | Found a shadowy altar of Dithmenos.
  9579 | D:8      | Found Oqonucidwa's Antique Armour Boutique.
  9604 | D:8      | Bought a faintly humming scale mail for 261 gold pieces
  9619 | D:8      | Identified the cursed +0 scale mail of Dishonesty {rPois} (You bought it in a shop on level 8 of the Dungeon)
  9966 | D:8      | Found a blossoming altar of Fedhas.
 10031 | D:8      | Noticed a two-headed ogre
 10090 | D:8      | Slain by a two-headed ogre

Skill      XL: |  1  2  3  4  5  6  7  8  9 |
---------------+----------------------------+-----
Maces & Flails | 2 3 4 5 6 |  6.0
Dodging        | 2 3 4 5 |  5.0
Fighting       | 3 4 5 6 |  6.0
Translocations | 5 |  5.6
Invocations    | 4 6 |  6.1
Spellcasting   | 3 |  3.0
Throwing       | |  0.8
Armour         | |  0.8

Action                   |  1- 3 |  4- 6 |  7- 9 || total
-------------------------+-------+-------+-------++-------
Melee: Mace              |    47 |       |       ||    47
       Whip              |    68 |   383 |   462 ||   913
Throw: Tomahawk          |       |     1 |    16 ||    17
 Cast: Blink             |       |     1 |     4 ||     5
       Passage of Golubr |       |       |     4 ||     4
  Use: Scroll            |     1 |     6 |     6 ||    13
       Potion            |       |     4 |     2 ||     6
 Stab: Sleeping          |       |       |     1 ||     1
  Eat: Chunk             |     1 |    13 |     7 ||    21
       Ration            |       |     1 |     1 ||     2
Armor: Leather armour    |    45 |    84 |       ||   129
       Robe              |       |    11 |    78 ||    89
       Scale mail        |       |       |     5 ||     5
Dodge: Dodged            |    84 |   229 |   295 ||   608
Block: Other             |       |     9 |    51 ||    60
       Reflection        |       |     1 |     1 ||     2
